 Dungeon Crawl Stone Soup version 0.21.0-24-g2553a33 (webtiles) character file.

10201 tidbits the Thaumaturge (level 11, -1/86 HPs)
             Began as a Gnoll Skald on Jan 20, 2018.
             Was an Elder of Cheibriados.
             Slain by a fire elemental (7 damage)
             ... led by Azrael
             ... on level 12 of the Dungeon.
             The game lasted 00:34:49 (3411 turns).

tidbits the Thaumaturge (Gnoll Skald)               Turns: 3411, Time: 00:34:49

Health: -1/86      AC: 13    Str: 24    XL:     11   Next: 58%
Magic:  20/23      EV: 19    Int: 31    God:    Cheibriados [****..]
Gold:   251        SH:  0    Dex: 24    Spells: 15/26 levels left

rFire    + . .     SeeInvis .   a - +1 hand axe (elec)
rCold    . . .     Gourm    .   (no shield)
rNeg     . . .     Faith    .   T - +0 troll leather armour
rPois    .         Spirit   .   (no helmet)
rElec    .         Reflect  .   C - +2 cloak
rCorr    .         Harm     .   G - +2 pair of gloves
MR       .....                  (no boots)
Stlth    ++++......             (no amulet)
HPRegen  0.64/turn              v - +3 ring of intelligence
MPRegen  0.18/turn              (no ring)

@: very slow
A: distributed training, fangs 1, icy blue scales 1, fire resistance 1, strong
1, strong nose
a: Bend Time, Temporal Distortion, Slouch, Renounce Religion


You were on level 12 of the Dungeon.
You worshipped Cheibriados.
Cheibriados was greatly pleased with you.
You were not hungry.

You visited 2 branches of the dungeon, and saw 13 of its levels.

You collected 251 gold pieces.

Inventory:

Hand Weapons
 a - a +1 hand axe of electrocution (weapon)
   (You took it off an orc warrior on level 11 of the Dungeon)
 e - a +1 war axe
 n - a +0 hunting sling
 p - a +0 shortbow
 s - a +2 short sword
 x - a +0 quarterstaff of protection
   (You took it off Joseph on level 7 of the Dungeon)
 E - a +1 dagger of distortion
   (You took it off Psyche on level 8 of the Dungeon)
 H - a +2 dagger of venom
   (You took it off an orc wizard on level 8 of the Dungeon)
Missiles
 g - 131 arrows
 h - 22 poisoned needles
 y - 21 sling bullets
 I - 6 curare-tipped needles
Armour
 B - a +3 ring mail of fire resistance
   (You took it off Joseph on level 7 of the Dungeon)
 C - a +2 cloak (worn)
 F - a +2 robe of magic resistance
   (You took it off Psyche on level 8 of the Dungeon)
 G - a +2 pair of gloves (worn)
 T - a +0 troll leather armour (worn)
Jewellery
 v - a +3 ring of intelligence (left hand)
   (You found it on level 8 of the Dungeon)
Wands
 d - a wand of digging (7)
 o - a wand of flame (3)
 w - a wand of polymorph (22)
Scrolls
 l - a scroll of enchant armour
 m - 2 scrolls of immolation
 q - a scroll of amnesia
 r - a scroll of remove curse
Potions
 j - 3 potions of flight
 A - a potion of ambrosia
Books
 c - a book of Battle

   Spells                             Type                      Level
   a - Infusion                       Charms                       1
   b - Shroud of Golubria             Charms/Translocation         2
   c - Song of Slaying                Charms                       2
   d - Spectral Weapon                Hexes/Charms                 3
   e - Regeneration                   Charms/Necromancy            3
Comestibles
 b - 11 rations


   Skills:
 + Level 7.9 Fighting
 + Level 6.3 Short Blades
 + Level 6.3 Long Blades
 + Level 7.9 Axes
 + Level 6.3 Maces & Flails
 + Level 6.3 Polearms
 + Level 6.3 Staves
 + Level 6.3 Slings
 + Level 6.3 Bows
 + Level 6.3 Crossbows
 + Level 6.3 Throwing
 + Level 6.9 Armour
 + Level 7.9 Dodging
 + Level 6.3 Stealth
 + Level 6.3 Shields
 + Level 6.3 Unarmed Combat
 + Level 8.1 Spellcasting
 + Level 5.2 Conjurations
 + Level 5.2 Hexes
 + Level 7.6 Charms
 + Level 5.2 Summonings
 + Level 5.2 Necromancy
 + Level 5.2 Translocations
 + Level 5.2 Transmutations
 + Level 5.2 Fire Magic
 + Level 5.2 Ice Magic
 + Level 5.2 Air Magic
 + Level 5.2 Earth Magic
 + Level 5.2 Poison Magic
 + Level 6.9 Invocations
 + Level 6.3 Evocations


You had 15 spell levels left.
You knew the following spells:

 Your Spells              Type           Power        Failure   Level  Hunger
g - Shroud of Golubria    Chrm/Tloc      ######....   1%          2    None
i - Infusion              Chrm           ####         1%          1    None
r - Regeneration          Chrm/Necr      ######....   1%          3    None
w - Spectral Weapon       Hex/Chrm       ######..     1%          3    None
y - Song of Slaying       Chrm           ######..     1%          2    None


Dungeon Overview and Level Annotations

Branches:
Dungeon (12/15)            Temple (1/1) D:5
   Lair: D:8-11         Orc: D:9-12

Altars:
Ashenzari
Cheibriados
Elyvilon
Gozag
Kikubaaqudgha
Makhleb
Qazlal
Ru
Sif Muna
Trog
Xom
Yredelemnul
Zin
Lugonu

Annotations:
D:9 exclusions: manticore and ugly thing
D:11 Nergalle, Snorg
D:12 Azrael, Gastronok


Innate Abilities, Weirdness & Mutations

Your experience applies equally to all skills.
You have very sharp teeth.
Your uncanny sense of smell can sniff out nearby items.
You are partially covered in icy blue scales. (AC +2)
Your flesh is heat resistant. (rF+)
Your muscles are strong. (Str +2)


Message History

Unknown command.
Something closely misses you.
Unknown command.
Something hits you but does no damage.
Unknown command.
Something hits you but does no damage.
Unknown command.
Casting: Spectral Weapon
Confirm with . or Enter, or press ? or * to list all spells.
Space distorts slightly along a thin shroud covering your body.
Something hits you but does no damage.
Unknown command.
Something hits you but does no damage.
Your shroud bends something's attack away.
Something hits you.
Your shroud falls apart!
Something barely misses you. Something hits you but does no damage.
Unknown command.
Casting: Shroud of Golubria
Confirm with . or Enter, or press ? or * to list all spells.
Space distorts slightly along a thin shroud covering your body.
Something hits you but does no damage.
You hit something. Lightning courses through something!
Cheibriados thoroughly appreciates the change of pace.
You feel a bit more experienced.
Your shroud begins to fray at the edges.
A fire elemental comes into view.
The fire elemental moves out of view.
A fire elemental comes into view.
The fire elemental moves out of view.
Your shroud unravels.
A slime creature and Azrael come into view.
Azrael is wielding a scimitar of flaming.
Press: ? - help, v - describe, . - travel
Here: Azrael, wielding a scimitar of flaming (hasn't noticed you)
The floor.
Casting: Shroud of Golubria
Confirm with . or Enter, or press ? or * to list all spells.
Space distorts slightly along a thin shroud covering your body.
Casting: Shroud of Golubria
Confirm with . or Enter, or press ? or * to list all spells.
You draw out your weapon's spirit!
A fire elemental comes into view.
A bullfrog comes into view.
Unknown command.
Okay, then.
You slash Azrael! Lightning courses through Azrael!
You bite Azrael, but do no damage.
Azrael is moderately wounded.
Your spectral weapon hits Azrael.
Lightning courses through Azrael!
Azrael hits you with a scimitar of flaming!
Azrael burns you.
Unknown command.
You hit Azrael but do no damage. You bite Azrael, but do no damage.
Azrael is heavily wounded.
Your spectral weapon hits Azrael.
Azrael hits you with a scimitar of flaming.
Unknown command.
You hit Azrael. Your bite misses Azrael.
Azrael is heavily wounded.
You hit the fire elemental.
Your spectral weapon hits Azrael.
Lightning courses through Azrael!
Your spectral weapon barely misses the fire elemental.
The fire elemental barely misses you. Azrael barely misses you.
The fire elemental barely misses you.
A fire elemental comes into view.
You hit Azrael but do no damage. You bite Azrael, but do no damage.
Azrael is severely wounded.
You barely miss the fire elemental.
Your spectral weapon hits Azrael.
Your spectral weapon hits the fire elemental.
The fire elemental moves out of view.
The fire elemental hits you. The fire elemental burns you! You resist.
Unknown command.
You hit Azrael but do no damage. You bite Azrael, but do no damage.
Azrael is severely wounded.
You hit the fire elemental.
Your spectral weapon hits Azrael but does no damage.
Your spectral weapon hits the fire elemental.
Azrael gestures at you.
The sphere of damnation explodes!
The damnation engulfs you!
* * * LOW HITPOINT WARNING * * *
The damnation engulfs your spectral weapon.
Your spectral weapon shares its damage with you!
The damnation engulfs Azrael.
Azrael completely resists.
The damnation engulfs the fire elemental.
The fire elemental is destroyed!
* * * LOW HITPOINT WARNING * * *
You hear a bark!
You hear a shout!
Unknown command.
You hit Azrael but do no damage. You bite Azrael, but do no damage.
Azrael is severely wounded.
You hit the fire elemental.
Your spectral weapon hits Azrael!
Lightning courses through Azrael!
Your spectral weapon hits the fire elemental.
Azrael hits you with a scimitar of flaming!
* * * LOW HITPOINT WARNING * * *
Your shroud falls apart!
The fire elemental hits you. The fire elemental burns you! You resist.
You die...

#...# #...#
#...# #.
#...#
#..####...#
.....§§...#
.§E.§§EE..#
.§§.###RE.#
.§. #@(.#
.. #...# .
#.........
#...######
#...# #...#
#.F.# #...#
#...#


You could see Azrael, 3 fire elementals, a bullfrog and a friendly spectral hand
axe of electrocution.

Vanquished Creatures
  2 two-headed ogres (D:9)
  2 unseen horrors
  Pikel (D:8)
  A manticore (D:11)
  Joseph (D:7)
  Psyche (D:8)
  The ghost of tidbits the Charmwright, a novice GnSk (D:7)
  A centaur skeleton (D:10)
  2 trolls (D:11)
  A hippogriff (D:11)
  7 yaks
  A steam dragon (D:9)
  A hungry ghost (D:8)
  2 soldier ants (D:8)
  An acid dragon (D:11)
  An ice beast (D:9)
  3 orc warriors
  2 sky beasts
  A slave (D:8)
  4 necrophages
  2 centaurs
  2 black bears
  4 ogres
  7 bullfrogs
  A wyvern skeleton (D:12)
  3 scorpions
  4 killer bees (D:9)
  A howler monkey (D:5)
  3 wights (D:7)
  A quasit (D:11)
  6 crimson imps
  A jelly (D:5)
  5 hounds
  4 orc priests
  A bullfrog skeleton (D:10)
  3 iguanas
  7 orc wizards
  6 worker ants
  2 hound skeletons
  A worker ant zombie (D:5)
  2 adders
  A shadow imp (D:5)
  2 adder skeletons
  3 worms
  2 dart slugs (D:1)
  3 leopard geckos
  23 orcs
  A giant cockroach (D:2)
  2 goblins (D:2)
  2 hobgoblins (D:1)
  6 jackals
  5 quokkas
  3 bats
  5 frilled lizards
  A quokka skeleton (D:4)
  3 rats
164 creatures vanquished.

Vanquished Creatures (others)
  A fire elemental (D:12)
  A hornet zombie (D:8)
  A fungus (D:10)
  2 spectral weapons
5 creatures vanquished.

Grand Total: 169 creatures vanquished

Notes
Turn   | Place    | Note
-------+----------+-------------------------------------------
     0 | D:1      | tidbits the Gnoll Skald began the quest for the Orb.
     0 | D:1      | Reached XP level 1. HP: 20/20 MP: 6/6
   109 | D:2      | Reached XP level 2. HP: 25/26 MP: 4/7
   137 | D:2      | Learned a level 2 spell: Song of Slaying
   140 | D:2      | Learned a level 2 spell: Shroud of Golubria
   193 | D:2      | Reached XP level 3. HP: 31/31 MP: 0/9
   198 | D:2      | Learned a level 3 spell: Regeneration
   202 | D:2      | Learned a level 3 spell: Spectral Weapon
   227 | D:1      | Reached skill level 5 in Spellcasting
   414 | D:2      | Reached skill level 1 in Invocations
   505 | D:4      | Found a shimmering altar of Xom.
   506 | D:4      | Found a glowing silver altar of Zin.
   508 | D:4      | Noticed an angel
   540 | D:4      | Found a shattered altar of Ashenzari.
   623 | D:4      | Reached skill level 1 in Short Blades
   623 | D:4      | Reached skill level 1 in Long Blades
   623 | D:4      | Reached skill level 1 in Maces & Flails
   623 | D:4      | Reached skill level 1 in Polearms
   623 | D:4      | Reached skill level 1 in Staves
   623 | D:4      | Reached skill level 1 in Slings
   623 | D:4      | Reached skill level 1 in Bows
   623 | D:4      | Reached skill level 1 in Crossbows
   623 | D:4      | Reached skill level 1 in Throwing
   623 | D:4      | Reached skill level 1 in Stealth
   623 | D:4      | Reached skill level 1 in Shields
   623 | D:4      | Reached skill level 1 in Unarmed Combat
   623 | D:4      | Reached skill level 1 in Evocations
   623 | D:4      | Reached XP level 4. HP: 34/38 MP: 1/11
   650 | D:4      | Reached skill level 1 in Conjurations
   650 | D:4      | Reached skill level 1 in Hexes
   650 | D:4      | Reached skill level 1 in Summonings
   650 | D:4      | Reached skill level 1 in Necromancy
   650 | D:4      | Reached skill level 1 in Translocations
   650 | D:4      | Reached skill level 1 in Transmutations
   650 | D:4      | Reached skill level 1 in Fire Magic
   650 | D:4      | Reached skill level 1 in Ice Magic
   650 | D:4      | Reached skill level 1 in Air Magic
   650 | D:4      | Reached skill level 1 in Earth Magic
   650 | D:4      | Reached skill level 1 in Poison Magic
   679 | D:5      | Entered Level 5 of the Dungeon
   713 | D:5      | Reached XP level 5. HP: 22/43 MP: 3/12
   828 | D:7      | Noticed tidbits's ghost (novice GnSk)
   871 | D:7      | Killed tidbits's ghost
   871 | D:7      | Reached skill level 5 in Fighting
   871 | D:7      | Reached skill level 2 in Short Blades
   871 | D:7      | Reached skill level 2 in Long Blades
   871 | D:7      | Reached skill level 5 in Axes
   871 | D:7      | Reached skill level 2 in Maces & Flails
   871 | D:7      | Reached skill level 2 in Polearms
   871 | D:7      | Reached skill level 2 in Staves
   871 | D:7      | Reached skill level 2 in Slings
   871 | D:7      | Reached skill level 2 in Bows
   871 | D:7      | Reached skill level 2 in Crossbows
   871 | D:7      | Reached skill level 2 in Throwing
   871 | D:7      | Reached skill level 3 in Armour
   871 | D:7      | Reached skill level 5 in Dodging
   871 | D:7      | Reached skill level 2 in Stealth
   871 | D:7      | Reached skill level 2 in Shields
   871 | D:7      | Reached skill level 2 in Unarmed Combat
   871 | D:7      | Reached skill level 2 in Invocations
   871 | D:7      | Reached skill level 2 in Evocations
   871 | D:7      | Reached XP level 6. HP: 51/51 MP: 0/14
   925 | D:7      | Noticed a necrophage
   943 | D:7      | Reached XP level 7. HP: 53/56 MP: 8/15
  1040 | D:7      | Reached skill level 2 in Conjurations
  1040 | D:7      | Reached skill level 2 in Hexes
  1040 | D:7      | Reached skill level 2 in Summonings
  1040 | D:7      | Reached skill level 2 in Necromancy
  1040 | D:7      | Reached skill level 2 in Translocations
  1040 | D:7      | Reached skill level 2 in Transmutations
  1040 | D:7      | Reached skill level 2 in Fire Magic
  1040 | D:7      | Reached skill level 2 in Ice Magic
  1040 | D:7      | Reached skill level 2 in Air Magic
  1040 | D:7      | Reached skill level 2 in Earth Magic
  1040 | D:7      | Reached skill level 2 in Poison Magic
  1113 | D:7      | Reached skill level 3 in Invocations
  1122 | D:7      | Reached XP level 8. HP: 38/63 MP: 5/16
  1141 | D:5      | Reached skill level 6 in Charms
  1159 | D:5      | Found a burning altar of Makhleb.
  1159 | D:5      | Noticed a blizzard demon
  1213 | D:5      | Reached skill level 3 in Short Blades
  1213 | D:5      | Reached skill level 3 in Long Blades
  1213 | D:5      | Reached skill level 3 in Maces & Flails
  1213 | D:5      | Reached skill level 3 in Polearms
  1213 | D:5      | Reached skill level 3 in Staves
  1213 | D:5      | Reached skill level 3 in Slings
  1213 | D:5      | Reached skill level 3 in Bows
  1213 | D:5      | Reached skill level 3 in Crossbows
  1213 | D:5      | Reached skill level 3 in Throwing
  1213 | D:5      | Reached skill level 4 in Armour
  1213 | D:5      | Reached skill level 3 in Stealth
  1213 | D:5      | Reached skill level 3 in Shields
  1213 | D:5      | Reached skill level 3 in Unarmed Combat
  1213 | D:5      | Reached skill level 3 in Evocations
  1223 | D:5      | Gained mutation: You are partially covered in icy blue scales. (AC +2) [potion of mutation]
  1223 | D:5      | Gained mutation: Your flesh is heat resistant. (rF+) [potion of mutation]
  1223 | D:5      | Gained mutation: Your muscles are strong. (Str +2) [potion of mutation]
  1224 | D:5      | Found a staircase to the Ecumenical Temple.
  1224 | D:5      | HP: 6/63 [something (6)]
  1225 | D:5      | Found a bloodstained altar of Trog.
  1228 | D:5      | Found a white marble altar of Elyvilon.
  1233 | Temple   | Entered the Ecumenical Temple
  1253 | Temple   | Became a worshipper of Cheibriados the Contemplative
  1277 | D:5      | HP: 4/63 [sky beast (6)]
  1375 | D:5      | Found an ancient bone altar of Kikubaaqudgha.
  1508 | D:5      | Reached skill level 6 in Spellcasting
  1593 | D:7      | Noticed Joseph
  1613 | D:7      | Killed Joseph
  1689 | D:7      | Reached skill level 3 in Conjurations
  1689 | D:7      | Reached skill level 3 in Hexes
  1689 | D:7      | Reached skill level 3 in Summonings
  1689 | D:7      | Reached skill level 3 in Necromancy
  1689 | D:7      | Reached skill level 3 in Translocations
  1689 | D:7      | Reached skill level 3 in Transmutations
  1689 | D:7      | Reached skill level 3 in Fire Magic
  1689 | D:7      | Reached skill level 3 in Ice Magic
  1689 | D:7      | Reached skill level 3 in Air Magic
  1689 | D:7      | Reached skill level 3 in Earth Magic
  1689 | D:7      | Reached skill level 3 in Poison Magic
  1689 | D:7      | Reached skill level 4 in Invocations
  1691 | D:7      | Reached skill level 6 in Fighting
  1691 | D:7      | Reached skill level 6 in Axes
  1691 | D:7      | Reached skill level 6 in Dodging
  1691 | D:7      | Reached XP level 9. HP: 63/69 MP: 7/18
  1810 | D:9      | Noticed a two-headed ogre
  1822 | D:9      | Killed a two-headed ogre
  1822 | D:9      | Reached skill level 4 in Short Blades
  1822 | D:9      | Reached skill level 4 in Long Blades
  1822 | D:9      | Reached skill level 4 in Maces & Flails
  1822 | D:9      | Reached skill level 4 in Polearms
  1822 | D:9      | Reached skill level 4 in Staves
  1822 | D:9      | Reached skill level 4 in Slings
  1822 | D:9      | Reached skill level 4 in Bows
  1822 | D:9      | Reached skill level 4 in Crossbows
  1822 | D:9      | Reached skill level 4 in Throwing
  1822 | D:9      | Reached skill level 5 in Armour
  1822 | D:9      | Reached skill level 4 in Stealth
  1822 | D:9      | Reached skill level 4 in Shields
  1822 | D:9      | Reached skill level 4 in Unarmed Combat
  1822 | D:9      | Reached skill level 4 in Evocations
  1976 | D:9      | Reached * piety under Cheibriados
  1985 | D:9      | Reached skill level 5 in Invocations
  1991 | D:9      | Noticed a two-headed ogre
  2080 | D:8      | Noticed Pikel
  2089 | D:8      | Killed Pikel
  2089 | D:8      | Reached skill level 7 in Spellcasting
  2089 | D:8      | Reached XP level 10. HP: 69/77 MP: 15/20
  2124 | D:8      | Reached skill level 4 in Conjurations
  2124 | D:8      | Reached skill level 4 in Hexes
  2124 | D:8      | Reached skill level 4 in Summonings
  2124 | D:8      | Reached skill level 4 in Necromancy
  2124 | D:8      | Reached skill level 4 in Translocations
  2124 | D:8      | Reached skill level 4 in Transmutations
  2124 | D:8      | Reached skill level 4 in Fire Magic
  2124 | D:8      | Reached skill level 4 in Ice Magic
  2124 | D:8      | Reached skill level 4 in Air Magic
  2124 | D:8      | Reached skill level 4 in Earth Magic
  2124 | D:8      | Reached skill level 4 in Poison Magic
  2189 | D:8      | Noticed Psyche
  2200 | D:8      | Killed Psyche
  2200 | D:8      | Reached skill level 5 in Short Blades
  2200 | D:8      | Reached skill level 5 in Long Blades
  2200 | D:8      | Reached skill level 5 in Maces & Flails
  2200 | D:8      | Reached skill level 5 in Polearms
  2200 | D:8      | Reached skill level 5 in Staves
  2200 | D:8      | Reached skill level 5 in Slings
  2200 | D:8      | Reached skill level 5 in Bows
  2200 | D:8      | Reached skill level 5 in Crossbows
  2200 | D:8      | Reached skill level 5 in Throwing
  2200 | D:8      | Reached skill level 5 in Stealth
  2200 | D:8      | Reached skill level 5 in Shields
  2200 | D:8      | Reached skill level 5 in Unarmed Combat
  2200 | D:8      | Reached skill level 5 in Evocations
  2204 | D:8      | Reached skill level 7 in Charms
  2231 | D:8      | Found a basalt altar of Yredelemnul.
  2237 | D:8      | Reached ** piety under Cheibriados
  2390 | D:8      | Reached skill level 7 in Fighting
  2390 | D:8      | Reached skill level 7 in Axes
  2390 | D:8      | Reached skill level 7 in Dodging
  2521 | D:9      | Killed a two-headed ogre
  2521 | D:9      | Reached skill level 6 in Armour
  2543 | D:9      | Noticed a manticore
  2582 | D:9      | Reached skill level 6 in Invocations
  2637 | D:9      | Noticed a white ugly thing
  2647 | D:10     | Entered Level 10 of the Dungeon
  2727 | D:9      | Reached XP level 11. HP: 52/83 MP: 5/22
  2837 | D:10     | Killed an unseen horror
  2882 | D:11     | Noticed Snorg
  2981 | D:11     | Noticed a manticore
  2994 | D:11     | Killed a manticore
  2994 | D:11     | Reached *** piety under Cheibriados
  2994 | D:11     | Reached skill level 6 in Short Blades
  2994 | D:11     | Reached skill level 6 in Long Blades
  2994 | D:11     | Reached skill level 6 in Maces & Flails
  2994 | D:11     | Reached skill level 6 in Polearms
  2994 | D:11     | Reached skill level 6 in Staves
  2994 | D:11     | Reached skill level 6 in Slings
  2994 | D:11     | Reached skill level 6 in Bows
  2994 | D:11     | Reached skill level 6 in Crossbows
  2994 | D:11     | Reached skill level 6 in Throwing
  2994 | D:11     | Reached skill level 6 in Stealth
  2994 | D:11     | Reached skill level 6 in Shields
  2994 | D:11     | Reached skill level 6 in Unarmed Combat
  2994 | D:11     | Reached skill level 6 in Evocations
  3011 | D:11     | Reached skill level 5 in Conjurations
  3011 | D:11     | Reached skill level 5 in Hexes
  3011 | D:11     | Reached skill level 5 in Summonings
  3011 | D:11     | Reached skill level 5 in Necromancy
  3011 | D:11     | Reached skill level 5 in Translocations
  3011 | D:11     | Reached skill level 5 in Transmutations
  3011 | D:11     | Reached skill level 5 in Fire Magic
  3011 | D:11     | Reached skill level 5 in Ice Magic
  3011 | D:11     | Reached skill level 5 in Air Magic
  3011 | D:11     | Reached skill level 5 in Earth Magic
  3011 | D:11     | Reached skill level 5 in Poison Magic
  3042 | D:11     | Reached skill level 8 in Spellcasting
  3123 | D:11     | Noticed Nergalle
  3192 | D:12     | Noticed Gastronok
  3314 | D:12     | Reached **** piety under Cheibriados
  3371 | D:12     | Killed an unseen horror
  3400 | D:12     | Noticed Azrael
  3411 | D:12     | HP: 6/86 [Azrael/scimitar of flaming (12)]
  3411 | D:12     | Slain by a fire elemental

Skill      XL: |  1  2  3  4  5  6  7  8  9 10 11 |
---------------+----------------------------------+-----
Spellcasting   | 5 6 7 8 |  8.1
Invocations    | 1 2 3 4 5 6 |  6.9
Short Blades   | 1 2 3 4 5 6 |  6.3
Long Blades    | 1 2 3 4 5 6 |  6.3
Maces & Flails | 1 2 3 4 5 6 |  6.3
Polearms       | 1 2 3 4 5 6 |  6.3
Staves         | 1 2 3 4 5 6 |  6.3
Slings         | 1 2 3 4 5 6 |  6.3
Bows           | 1 2 3 4 5 6 |  6.3
Crossbows      | 1 2 3 4 5 6 |  6.3
Throwing       | 1 2 3 4 5 6 |  6.3
Stealth        | 1 2 3 4 5 6 |  6.3
Shields        | 1 2 3 4 5 6 |  6.3
Unarmed Combat | 1 2 3 4 5 6 |  6.3
Evocations     | 1 2 3 4 5 6 |  6.3
Conjurations   | 1 2 3 4 5 |  5.2
Hexes          | 1 2 3 4 5 |  5.2
Summonings     | 1 2 3 4 5 |  5.2
Necromancy     | 1 2 3 4 5 |  5.2
Translocations | 1 2 3 4 5 |  5.2
Transmutations | 1 2 3 4 5 |  5.2
Fire Magic     | 1 2 3 4 5 |  5.2
Ice Magic      | 1 2 3 4 5 |  5.2
Air Magic      | 1 2 3 4 5 |  5.2
Earth Magic    | 1 2 3 4 5 |  5.2
Poison Magic   | 1 2 3 4 5 |  5.2
Fighting       | 5 6 7 |  7.9
Axes           | 5 6 7 |  7.9
Armour         | 3 4 5 6 |  6.9
Dodging        | 5 6 7 |  7.9
Charms         | 6 7 |  7.6

Action                   |  1- 3 |  4- 6 |  7- 9 | 10-12 || total
-------------------------+-------+-------+-------+-------++-------
Melee: Hand axe          |    54 |    43 |   165 |    22 ||   284
       Bite              |     1 |     5 |    20 |    40 ||    66
       Punch             |       |     1 |     5 |     9 ||    15
       Unarmed           |       |    14 |       |       ||    14
       Short sword       |       |       |    16 |       ||    16
       War axe           |       |       |    11 |   179 ||   190
       Dagger            |       |       |       |     9 ||     9
 Cast: Infusion          |     8 |     1 |     2 |     7 ||    18
       Spectral Weapon   |     5 |     4 |    23 |    29 ||    61
       Song of Slaying   |     2 |       |     1 |       ||     3
       Shroud of Golubri |     1 |     2 |     8 |    19 ||    30
       Regeneration      |       |     2 |    11 |    11 ||    24
Evoke: Wand              |       |       |    16 |     5 ||    21
  Use: Scroll            |     7 |     3 |     6 |     5 ||    21
       Potion            |       |     4 |     7 |     1 ||    12
 Stab: Invisible         |       |     8 |     3 |       ||    11
       Distracted        |       |       |     4 |     5 ||     9
       Sleeping          |       |       |     2 |     3 ||     5
       Paralysed         |       |       |     9 |       ||     9
  Eat: Ration            |       |     2 |     1 |       ||     3
Armor: Leather armour    |    18 |     8 |    15 |       ||    41
       Skin              |       |    10 |       |       ||    10
       Ring mail         |       |       |    39 |    97 ||   136
       Troll leather arm |       |       |       |    27 ||    27
Dodge: Dodged            |    38 |    31 |   141 |   236 ||   446

Table legend:
 A = Turns spent in this place as a percentage of turns spent in the entire game.
 B = Non-inter-level travel turns spent in this place as a percentage of non-inter-level travel turns spent in the entire game.
 C = Inter-level travel turns spent in this place as a percentage of turns spent in this place.
 D = Turns resting spent in this place as a percentage of non-inter-level travel turns spent in this place.
 E = Turns spent auto-exploring this place as a percentage of non-inter-level travel turns spent in this place.
 F = Non-inter-level travel turns spent in this place divided by the number of levels of this place that you've seen.
                   A       B       C       D       E      F
               +-------+-------+-------+-------+-------+----------------------
         Total | 100.0 | 100.0 |   4.0 |   0.1 |   0.0 | 251.8
       Dungeon |  98.9 |  98.8 |   4.1 |   0.1 |   0.0 | 269.5
        Temple |   1.1 |   1.2 |   0.0 |   0.0 |   0.0 |  39.0
               +-------+-------+-------+-------+-------+----------------------

Table legend:
 A = Kills in this place as a percentage of kills in entire the game.
 B = Kills by you in this place as a percentage of kills by you in the entire game.
 C = Kills by friends in this place as a percentage of kills by friends in the entire game.
 D = Other kills in this place as a percentage of other kills in the entire game.
 E = Experience gained in this place as a percentage of experience gained in the entire game.
 F = Experience gained in this place divided by the number of levels of this place that you have seen.
                   A       B       C       D       E      F
               +-------+-------+-------+-------+-------+----------------------
         Total | 100.0 | 100.0 |   N/A | 100.0 | 100.0 | 1121.1
       Dungeon | 100.0 | 100.0 |   N/A | 100.0 | 100.0 | 1214.5
               +-------+-------+-------+-------+-------+----------------------

Vault maps used:
D:1:      minmay_arrival_plants_in_alcoves
D:2:      first_ration, uniq_crazy_yiuf_cottage
D:3:      chequers_ecumenical_altar_simple_redux
D:4:      grunt_temple_overflow_order_and_chaos_1, nicolae_ashenzari_panopticon
D:5:      minitemple, minmay_temple_entry_glass, basic_altar,
          makhleb_altar_promises_db
D:6:      vehumet_crystals, grunt_ministairs_11
D:7:      uniq_menkaure, uniq_duvessa, uniq_joseph
D:8:      basic_altar, hangedman_pestilent_swarm, uniq_psyche, uniq_pikel
D:9:      minmay_chopped_fan, item_on_display_a
D:10:     grunt_lair_entry_orc_guard_hut, serial_shops, kennysheep_mini,
          kennysheep_nub, evilmike_butchery
D:11:     uniq_nergalle, uniq_snorg
D:12:     orc_0_dummy, nooodl_orcs_dogs, uniq_gastronok, uniq_azrael
Temple:   corrupted_temple
